 Dungeon Crawl Stone Soup version 0.19-a0-1907-gcff654f (webtiles) character file.

55 rgaf the Shooter (level 3, 0/24 HPs)
             Began as a High Elf Arcane Marksman on Oct 21, 2016.
             Slain by an adder (2 damage)
             ... on level 3 of the Dungeon.
             The game lasted 00:02:31 (2801 turns).

rgaf the Shooter (High Elf Arcane Marksman)         Turns: 2801, Time: 00:02:32

Health: 0/24       AC:  6    Str: 11    XL:     3   Next: 67%
Magic:  5/5        EV:  9    Int: 16    God:
Gold:   69         SH:  0    Dex: 15    Spells: 1 memorised, 3 levels left

rFire  . . .     SeeInvis .     a - +0 short sword
rCold  . . .     Gourm    .     m - +0 scale mail
rNeg   . . .     Faith    .     (no shield)
rPois  .         Spirit   .     (no helmet)
rElec  .         Reflect  .     (no cloak)
rCorr  .         Harm     .     (no gloves)
MR     .....                    (no boots)
Stlth  ..........               (no amulet)
                                (no ring)
                                (no ring)

@: lethally poisoned (0 -> -7)
A: no striking features
a: no special abilities


You were on level 3 of the Dungeon.
You were not hungry.

You visited 1 branch of the dungeon, and saw 3 of its levels.

You collected 69 gold pieces.

Inventory:

Hand Weapons
 a - a +0 short sword (weapon)
 b - a +0 shortbow
 h - a +0 dagger
Missiles
 d - 57 arrows
Armour
 e - a +0 robe
 m - a +0 scale mail (worn)
Jewellery
 g - an uncursed ring of wizardry {unknown}
Scrolls
 j - 4 scrolls of remove curse {unknown}
 k - a scroll of teleportation {unknown}
 l - a scroll of noise {unknown}
 o - 2 scrolls of identify {unknown}
Potions
 i - a potion of ambrosia {unknown}
 p - a potion of brilliance {unknown}
 q - a potion of degeneration {unknown}
Books
 c - a book of Debilitation

   Spells                             Type                      Level
   a - Corona                         Hexes                        1
   b - Slow                           Hexes                        2
   c - Gell's Gravitas                Hexes/Translocation          3
   d - Inner Flame                    Hexes/Fire                   3
   e - Cause Fear                     Hexes                        4
   f - Leda's Liquefaction            Hexes/Earth                  4
Comestibles
 f - 3 bread rations
 n - 2 meat rations
 s - a slice of pizza


   Skills:
 + Level 2.1 Fighting
 * Level 4.3 Bows
 + Level 2.6 Dodging
 - Level 1.2 Spellcasting
 - Level 3.0 Hexes


You had 3 spell levels left.
You knew the following spells:

 Your Spells              Type           Power        Failure   Level  Hunger
a - Corona                Hex            ##.....      47%         1    ##.....


Dungeon Overview and Level Annotations

Branches:
Dungeon (3/15)

Altars:
Ashenzari


Message History

* * * LOW HITPOINT WARNING * * *
You are lethally poisoned!
The adder poisons you!
You are too injured to fight recklessly!
You are too injured to fight recklessly!
You are too injured to fight recklessly!
You are too injured to fight recklessly!
You barely miss the adder.
The adder is almost dead.
* * * LOW HITPOINT WARNING * * *
You feel sick.
The adder bites you but does no damage. x2
You barely miss the adder.
The adder is almost dead.
* * * LOW HITPOINT WARNING * * *
You feel sick. The adder bites you.
* * * LOW HITPOINT WARNING * * *
You barely miss the adder.
The adder is almost dead.
The adder bites you.
You die...

#.>... #.>..#
#.. #....# ...
#....# ....
#....###...
#....#...
#.#....#.#
##........# #
......S@.####.#
####...#......#
#..###..####
##. #†...# #.
##.#.# # #..#.#
#..##.##### #
#..# #.....###
# #.#
#####...#####


You could see an adder.

Vanquished Creatures
  A worm (D:3)
  2 dart slugs (D:3)
  A leopard gecko (D:1)
  4 giant cockroaches
  7 goblins
  4 hobgoblins
  A quokka (D:2)
  3 ball pythons
  6 bats (D:1)
  2 frilled lizards
  9 kobolds
  6 rats
46 creatures vanquished.

Notes
Turn   | Place    | Note
-------+----------+-------------------------------------------
     0 | D:1      | rgaf the High Elf Arcane Marksman began the quest for the Orb.
     0 | D:1      | Reached XP level 1. HP: 13/13 MP: 3/3
   171 | D:1      | Reached skill level 3 in Bows
   253 | D:1      | Reached XP level 2. HP: 18/18 MP: 4/4
  1390 | D:2      | Reached XP level 3. HP: 21/24 MP: 5/5
  1578 | D:2      | Found a shattered altar of Ashenzari.
  1595 | D:2      | Reached skill level 4 in Bows
  2801 | D:3      | Slain by an adder

Vault maps used:
D:1:      dpeg_arrival_rhombus
D:2:      nicolae_overflow_crystal_walls, first_bread
D:3:      grunt_temple_overflow_order_and_chaos_2, portal_sewer_entry_d,
          kennysheep_generic_room_12

Skill      XL: |  1  2  3 |
---------------+----------+-----
Bows           | 3 4 |  4.3
Fighting       | 2 |  2.1
Dodging        | |  2.6
Spellcasting   | |  1.2
Hexes          | |  3.0

Action                   || total
-------------------------++-------
Melee: Short sword       ||   164
       Dagger            ||    56
 Fire: Shortbow          ||    25
  Eat: Chunk             ||     6
Armor: Scale mail        ||   114
       Robe              ||     1
Dodge: Dodged            ||   117
